Map: [ESL] Ghost River

Players

Clem - Winner!

  • Race: Terran Terran
  • Spawn Location: 1:00

Harstem

  • Race: Protoss Protoss
  • Spawn Location: 11:00

Event: ESL SC2 Masters 2024 Spring (Regional)

VOD

Have the link to the VOD?

Description

Time

  • Played on: April 28, 2024, 12:27 p.m.
  • Length: 8:18

All games in this series

Show
View Real Time Build Order
Export as new Build Order

Clem Terran - Winner!

Build Orders: 1/1/1 

Get SALT Encoding   

  12  0:02  SCV  
  13  0:14  SCV  
  14  0:17  Supply Depot  
  14  0:26  SCV  
  15  0:39  SCV  
  15  0:41  Barracks  
  16  0:45  Refinery  
  16  0:51  SCV  
  16  0:53  Refinery  
  17  1:03  SCV  
  18  1:15  SCV  
  19  1:28  Reaper, Orbital Command  
  20  1:37  Supply Depot  
  20  1:42  Factory  
  20  1:53  SCV  
  21  2:00  Barracks Reactor  
  21  2:05  SCV  
  22  2:15  Command Center  
  22  2:19  SCV  
  23  2:28  Starport  
  23  2:31  Supply Depot  
  23  2:35  SCV  
  23  2:37  Marine  
  23  2:39  Marine  
  27  2:44  Widow Mine  
  27  2:48  SCV  
  28  2:55  Marine  
  28  2:57  Marine  
  30  3:02  SCV  
  30  3:05  Cyclone  
  33  3:08  Medivac  
  35  3:13  Marine  
  35  3:14  Marine  
  35  3:17  SCV  
  38  3:29  SCV  
  38  3:31  Marine  
  38  3:32  Marine  
  41  3:37  Cyclone  
  41  3:40  Viking  
  45  3:41  SCV  
  45  3:48  Orbital Command  
  46  3:53  SCV  
  47  3:56  Marine  
  47  3:57  Supply Depot  
  47  3:58  Marine  
  49  4:06  SCV  
  50  4:14  SCV, Marine  
  50  4:16  Marine  
  53  4:18  SCV  
  53  4:19  Factory Tech Lab  
  53  4:20  Liberator  
  57  4:26  SCV  
  57  4:30  SCV  
  55  4:32  Marine  
  55  4:33  Marine  
  55  4:37  Siege Tank  
  58  4:39  SCV  
  58  4:42  Supply Depot  
  58  4:45  SCV  
  60  4:48  Barracks  
  60  4:51  SCV  
  60  4:52  Marine  
  61  4:57  SCV  
  62  5:03  SCV, Marine  
  63  5:08  Starport Tech Lab  
  63  5:09  SCV, Supply Depot, Marine  
  63  5:12  Siege Tank  
  68  5:15  SCV, Barracks  
  68  5:19  Refinery  
  69  5:22  SCV  
  69  5:25  Supply Depot  
  70  5:30  Marine x2  
  70  5:31  SCV, Raven  
  70  5:32  Supply Depot  
  70  5:35  SCV, Barracks Tech Lab  
  76  5:38  Engineering Bay  
  76  5:42  Supply Depot  
  76  5:43  SCV  
  76  5:46  Refinery  
  76  5:47  SCV  
  78  5:52  Siege Tank  
  78  5:53  Marine  
  78  5:54  Marine  
  83  5:59  SCV  
  83  6:02  SCV  
  83  6:04  Marauder  
  87  6:06  Supply Depot  
  87  6:10  Marine  
  89  6:11  SCV  
  89  6:13  Stimpack  
  89  6:14  Marauder  
  89  6:17  Supply Depot, Marine  
  92  6:23  Combat Shield  
  92  6:34  Command Center  
  92  6:35  Marine  
  92  6:36  Marauder  
  92  6:41  Siege Tank  
  92  6:43  Marine  
  92  6:44  Marauder  
  98  6:48  Starport Reactor  
  98  6:53  Supply Depot  
  97  6:56  Marine  
  97  6:58  Marauder  
  100  7:03  Supply Depot  
  100  7:04  Marine  
  100  7:06  Barracks x2  
  100  7:07  Marauder  
  103  7:14  Siege Tank  
  106  7:19  SCV, Marauder  
  106  7:22  Marine  
  98  7:24  SCV  
  98  7:26  Marine  
  98  7:28  Marauder  
  102  7:30  Medivac  
  102  7:33  SCV  
  102  7:36  SCV  
  95  7:40  Marine x2  
  95  7:43  Medivac  
  95  7:44  Marine  
  99  7:45  SCV  
  99  7:50  SCV, Marauder  
  104  7:55  SCV  
  104  7:58  Marine  
  102  7:59  Barracks Tech Lab  
  102  8:00  SCV, Barracks Reactor  
Show
View Real Time Build Order
Export as new Build Order

Harstem Protoss 

Build Orders: 1 Gate Expand, Colossus Rush 

Get SALT Encoding   

  12  0:00  Probe  
  13  0:12  Probe  
  14  0:17  Pylon  
  14  0:24  Probe (Chrono Boost)  
  15  0:36  Probe (Chrono Boost), Gateway  
  16  0:44  Probe (Chrono Boost)  
  16  0:46  Assimilator  
  17  0:51  Probe  
  18  1:03  Probe  
  19  1:15  Probe  
  20  1:23  Cybernetics Core  
  20  1:32  Nexus  
  20  1:35  Probe  
  21  1:42  Pylon  
  21  1:47  Probe  
  22  1:49  Assimilator  
  22  1:57  Adept (Chrono Boost)  
  22  1:59  Probe  
  25  2:02  Warp Gate  
  25  2:11  Probe  
  26  2:17  Adept (Chrono Boost)  
  28  2:23  Probe  
  29  2:32  Robotics Facility  
  29  2:36  Probe (Chrono Boost)  
  30  2:43  Stalker  
  30  2:44  Probe (Chrono Boost)  
  34  2:53  Probe (Chrono Boost)  
  34  2:55  Probe (Chrono Boost)  
  35  3:00  Probe x2 (Chrono Boost)  
  35  3:02  Gateway  
  37  3:12  Probe (Chrono Boost)  
  39  3:16  Assimilator, Observer, Probe (Chrono Boost)  
  39  3:17  Assimilator  
  40  3:22  Probe (Chrono Boost)  
  40  3:24  Pylon  
  40  3:25  Sentry  
  40  3:26  Probe (Chrono Boost)  
  44  3:27  Probe (Chrono Boost)  
  44  3:31  Observer  
  45  3:35  Probe, Shield Battery  
  45  3:38  Observer  
  45  3:40  Pylon  
  46  3:42  Probe  
  46  3:48  Probe  
  49  3:54  Probe  
  50  3:57  Stalker x2  
  50  4:00  Pylon, Probe  
  55  4:06  Probe  
  56  4:12  Probe  
  56  4:13  Pylon  
  57  4:18  Probe  
  57  4:20  Stalker  
  59  4:24  Probe  
  59  4:30  Probe  
  57  4:35  Robotics Bay  
  57  4:36  Probe  
  57  4:37  Stalker  
  60  4:42  Probe  
  60  4:43  Stalker  
  63  4:48  Probe  
  63  4:50  Immortal (Chrono Boost)  
  68  4:54  Probe  
  67  5:00  Probe  
  67  5:03  Observer  
  67  5:04  Stalker  
  64  5:18  Observer  
  64  5:20  Probe  
  65  5:23  Nexus  
  65  5:25  Stalker  
  65  5:27  Pylon  
  67  5:31  Observer, Probe  
  67  5:32  Probe  
  69  5:36  Extended Thermal Lance  
  69  5:39  Pylon x2  
  69  5:42  Colossus (Chrono Boost)  
  69  5:43  Probe  
  69  5:47  Probe  
  77  5:51  Pylon  
  77  5:52  Pylon  
  77  5:55  Probe  
  78  5:57  Gateway x2  
  78  5:59  Sentry  
  80  6:04  Stalker  
  80  6:07  Probe  
  80  6:09  Probe  
  84  6:15  Twilight Council, Forge  
  83  6:19  Shield Battery  
  83  6:23  Sentry  
  85  6:29  Probe  
  85  6:34  Stalker, Colossus (Chrono Boost)  
  91  6:41  Probe  
  91  6:42  Probe  
  88  6:47  Charge (Chrono Boost)  
  88  6:50  Zealot  
  92  6:57  Gateway x2  
  92  7:00  Zealot x3  
  96  7:06  Probe  
  95  7:10  Gateway  
  95  7:12  Zealot  
  95  7:13  Gateway  
  85  7:22  Zealot x3  
  81  7:32  Stalker, Colossus (Chrono Boost)  
  81  7:36  Probe  
  80  7:45  Templar Archives  
  80  7:46  Zealot, Stalker x2  
  80  7:49  Probe  
  80  7:50  Shield Battery  
  77  8:01  Zealot x2, Stalker  
  77  8:04  Zealot  
  71  8:08  Zealot x2  
  66  8:14  Stalker  
Tags
 
Add a new tag
Caveats
  • Supply blocks, unpowered buildings, or Contaminate may cause inaccurate times.
  • Supply counts are checked every 10 seconds.